 Dungeon Crawl Stone Soup version 0.31-a0-361-g0f8bd3a31e (webtiles) character file.

Game seed: 14668686610065163133

338 AdnanSaban the Covered (level 6, -1/39 HPs)
             Began as a Gargoyle Fighter on July 27, 2023.
             Slain by a killer bee (2 damage)
             ... on level 4 of the Dungeon.
             The game lasted 00:02:45 (2863 turns).

AdnanSaban the Covered (Gargoyle Fighter)           Turns: 2863, Time: 00:02:46

Health: -1/39      AC: 20    Str: 21    XL:     6   Next: 55%
Magic:  6/6        EV:  6    Int:  9    God:
Gold:   105        SH:  4    Dex:  9    Spells: 5/5 levels left

rFire   . . .        a - +0 flail
rCold   . . .        c - +0 buckler
rNeg    + + .        e - +0 plate armour
rPois   ∞            (no helmet)
rElec   +            (no cloak)
rCorr   .            (no gloves)
SInv    .            (no boots)
Will    .....        (no amulet) Stlth
                     p - +4 ring of protection
HPRegen 0.26/turn    m - ring of positive energy
MPRegen 0.10/turn

%: no passive effects
@: no status effects
A: sickness immunity, AC +4, negative energy resistance 1, electricity
resistance, torment resistance 1, petrification resistance
a: no special abilities


You were on level 4 of the Dungeon.
You visited 1 branch of the dungeon, and saw 4 of its levels.

You collected 105 gold pieces.

Inventory:

Hand Weapons
 a - a +0 flail (weapon)
Armour
 c - a +0 buckler (worn)
 e - a +0 plate armour (worn)
Jewellery
 b - a +6 ring of dexterity
 i - a +6 ring of dexterity
 m - a ring of positive energy (right hand)
 p - a +4 ring of protection (left hand)
 q - an amulet of guardian spirit
Wands
 j - a wand of polymorph (11)
Scrolls
 h - a scroll of teleportation {unknown}
 l - a scroll of vulnerability {unknown}
 n - a scroll of poison {unknown}
 r - a scroll of fear {unknown}
Potions
 d - 2 potions of might
 f - a potion of mutation {unknown}
 g - a potion of resistance {unknown}
 k - a potion of heal wounds {unknown}
 o - a potion of curing {unknown}


   Skills:
 + Level 4.4 Fighting
 + Level 4.0 Maces & Flails
 + Level 4.8 Armour
 + Level 0.6 Dodging
 + Level 4.6 Shields


You had 5 spell levels left.
You didn't know any spells.
Your spell library contained the following spells:

 Spells                   Type           Power      Damage    Failure   Level
 Apportation              Tloc           0%         N/A       100%        1
 Blink                    Tloc           0%         N/A       100%        2
 Lesser Beckoning         Tloc           0%         N/A       100%        2
 Momentum Strike          Conj/Tloc      0%         3d8       100%        2
 Alistair's Intoxication  Tmut/Pois      0%         N/A       100%        5


Dungeon Overview and Level Annotations

Branches:
Dungeon (4/15)
 Temple: D:4-7

Altars:
Kikubaaqudgha
Ru
Sif Muna
Xom

Shops:
D:1 (


Innate Abilities, Weirdness & Mutations

You are immune to sickness and miasma.
Your stone body is resilient. (AC +4)
You are immune to poison.
You resist negative energy. (rN+)
You are resistant to electric shocks. (rElec)
You are resistant to unholy torment.
You are immune to petrification.


Message History

* * * LOW HITPOINT WARNING * * *
You hit the killer bee.
The killer bee is lightly wounded.
The killer bee stings you but does no damage.
The killer bee barely misses you.
You sock the killer bee!
The killer bee is heavily wounded.
The killer bee stings you but does no damage.
You block the killer bee's attack. The killer bee completely misses you.
You sock the killer bee!
The killer bee is almost dead.
The killer bee stings you but does no damage. x2
You thump the killer bee!
You kill the killer bee!
The killer bee stings you but does no damage. x2
You barely miss the killer bee. You block the killer bee's attack.
The killer bee barely misses you.
You miss the killer bee.
The killer bee stings you but does no damage. x3
You sock the killer bee!
The killer bee is severely wounded.
You block the killer bee's attack.
The killer bee stings you but does no damage.
You miss the killer bee.
The killer bee is severely wounded.
The killer bee stings you but does no damage. x3
You miss the killer bee.
The killer bee is severely wounded.
The killer bee stings you but does no damage.
The killer bee stings you.
* * * LOW HITPOINT WARNING * * *
You sock the killer bee!
You kill the killer bee!
The killer bee stings you but does no damage.
The killer bee stings you.
* * * LOW HITPOINT WARNING * * *
You hit the killer bee.
The killer bee is moderately wounded.
The killer bee stings you.
You die...

##.#.#...####.
#... #...#...## #.
#... #.....### #.
#... ##.....# ##
#... #......# #...
#...)..# #...
##..>...#
#..y##.......#
#@..#.....########
#....>....#.......
#..####.....######
#### #.##### ##


You could see a killer bee.

Vanquished Creatures
  3 killer bees (D:4)
  A hound (D:3)
  Ijyb (D:3)
  2 gnolls (D:3)
  5 adders
  A white imp (D:4)
  2 dart slugs
  2 orcs (D:3)
  4 ball pythons
  6 endoplasms
  2 giant cockroaches
  3 goblins
  5 hobgoblins
  4 jackals (D:3)
  10 quokkas
  5 bats
  4 frilled lizards
  8 kobolds
  9 rats
77 creatures vanquished.

Notes
Turn   | Place    | Note
-------+----------+-------------------------------------------
     0 | D:1      | AdnanSaban the Gargoyle Fighter began the quest for the
                  | Orb.
     0 | D:1      | Reached XP level 1. HP: 14/14 MP: 1/1
   200 | D:1      | Reached XP level 2. HP: 17/19 MP: 2/2
   440 | D:1      | Reached XP level 3. HP: 24/24 MP: 3/3
   571 | D:1      | Found Jokar's Weapon Shop.
  1447 | D:2      | Reached XP level 4. HP: 24/29 MP: 4/4
  1865 | D:3      | Noticed Ijyb
  1908 | D:3      | Killed Ijyb
  2121 | D:3      | Found a shimmering blue altar of Sif Muna.
  2121 | D:3      | Found an ancient bone altar of Kikubaaqudgha.
  2214 | D:3      | Reached XP level 5. HP: 29/33 MP: 5/5
  2410 | D:3      | Found a shimmering altar of Xom.
  2750 | D:4      | Identified the +4 spear of Internal Strife {freeze, Int+2}
  2807 | D:4      | Found a sacrificial altar of Ru.
  2851 | D:4      | Reached XP level 6. HP: 18/39 MP: 6/6
  2862 | D:4      | HP: 1/39 [killer bee (3)]
  2863 | D:4      | Slain by a killer bee

Illustrated notes

Levels and vault maps discovered:
D:1:      lemuel_arrival_lava_pool, layout_basic, serial_shops,
          nicolae_shop_stone, serial_corexii_hall, corexii_hall_statues_u,
          chequers_hall_statues_wall_a
D:2:      layout_basic, nicolae_the_louvre
D:3:      layout_basic, tgw_xom, gammafunk_temple_overflow_statue,
          kennysheep_generic_room_10, uniq_ijyb
D:4:      layout_rooms, nicolae_ru_awakened_eye, serial_corexii_hall,
          corexii_hall_statues_u, corexii_hall_statues_u,
          grunt_decor_one_mirror, minmay_close_crescents, uniq_menkaure,
          uniq_sigmund

Skill      XL: |  1  2  3  4  5 |
---------------+----------------+-----
Fighting       | 4 |  4.4
Maces & Flails | 3 4 |  4.0
Armour         | 4 |  4.8
Shields        | 4 |  4.6
Dodging        | |  0.6

Action                     |  1- 3 |  4- 6 || total
---------------------------+-------+-------++-------
  Melee: Flail             |   129 |   157 ||   286
         Unarmed           |       |    24 ||    24
    Use: Scroll            |     1 |       ||     1
 Armour: Scale mail        |    53 |       ||    53
         Plate armour      |    42 |   129 ||   171
         Skin              |       |     2 ||     2
  Dodge: Dodged            |    58 |    61 ||   119
  Block: Buckler           |    24 |    40 ||    64

Table legend: (Time is in decaauts)
 A = Elapsed time spent in this place.
 B = Non-inter-level travel time spent in this place.
 C = Inter-level travel time spent in this place.
 D = Time resting spent in this place.
 E = Time spent auto-exploring this place.
 F = Levels seen in this place.
 G = Mean time per level.
                   A        B        C        D        E       F      G
               +--------+--------+--------+--------+--------+-----+--------+
         Total |   2943 |   2792 |    151 |      0 |   2162 |   4 |  735.8 |
       Dungeon |   2943 |   2792 |    151 |      0 |   2162 |   4 |  735.8 |
               +--------+--------+--------+--------+--------+-----+--------+

Top non-repeatable levels by time:
     D:3: 1047 daAuts
     D:2: 984 daAuts
     D:1: 774 daAuts
     D:4: 136 daAuts
